 Dungeon Crawl Stone Soup version 0.29.1-15-g9cfb28693d (webtiles) character file.

Game seed: 4832931408570457276

69 CatalinOSBI the Covered (level 4, -8/43 HPs)
             Began as a Gargoyle Fighter on Mar 31, 2023.
             Mangled by Sigmund
             ... wielding a +0 scythe
              (9 damage)
             ... on level 2 of the Dungeon.
             The game lasted 00:10:53 (1659 turns).

CatalinOSBI the Covered (Gargoyle Fighter)          Turns: 1659, Time: 00:10:54

Health: -8/43      AC: 22    Str: 21    XL:     4   Next: 20%
Magic:  4/4        EV:  2    Int:  9    God:
Gold:   59         SH:  0    Dex:  9    Spells: 3/3 levels left

rFire   . . .      SeeInvis .   a - +1 flail
rCold   . . .      Faith    .   c - +0 buckler
rNeg    + . .      Spirit   .   (body armour currently unavailable)
rPois   ∞          Reflect  .   (helmet currently unavailable)
rElec   .          Harm     .   (cloak currently unavailable)
rCorr   .          Rampage  .   (gloves currently unavailable)
Will    .....      NoTele   +   (boots currently unavailable)
Stlth   +.........              (no amulet)
HPRegen 0.14/turn               (no ring)
MPRegen 0.09/turn               (no ring)

@: confused, mighty, tree-form
A: stationary, stasis, torment immunity, boosted hp, sickness immunity, AC +3,
negative energy resistance 1, (electricity resistance), torment resistance 1,
petrification resistance
a: no special abilities


You were on level 2 of the Dungeon.
You were a tree.
You visited 1 branch of the dungeon, and saw 2 of its levels.

You collected 59 gold pieces.

Inventory:

Hand Weapons
 a - a +1 flail (weapon)
Armour
 b - a +0 scale mail (melded)
 c - a +0 buckler (worn)
Potions
 d - a potion of might
 e - a potion of curing {unknown}
 f - a potion of mutation {unknown}
 g - a potion of invisibility {unknown}
 h - a potion of magic {unknown}
 j - a potion of degeneration {unknown}
 l - 2 potions of lignification


   Skills:
 + Level 4.0 Fighting
 + Level 2.9 Maces & Flails
 + Level 4.0 Armour
 - Level 3.5 Shields


You had 3 spell levels left.
You didn't know any spells.
Your spell library contained the following spells:

 Spells                   Type           Power      Damage    Failure   Level
 Animate Armour           Summ/Erth      0%         N/A       99%         4
 Blade Hands              Tmut           0%         N/A       100%        5
 Fireball                 Conj/Fire      0%         3d3       100%        5
 Iron Shot                Conj/Erth      0%         9d1       100%        6
 Starburst                Conj/Fire      0%         6d3       100%        6
 Ignition                 Fire           0%         3d3       100%        8


Dungeon Overview and Level Annotations

Branches:
Dungeon (2/15)

Altars:

Shops:
D:1 (

Annotations:
D:2 Sigmund


Innate Abilities, Weirdness & Mutations

You are a tree.
Your roots penetrate the ground, keeping you stationary.
You cannot be teleported.
You are immune to unholy pain and torment.
Your maximum health is greatly increased.
Your equipment is partially melded.
You are immune to sickness and miasma.
((Your stone body is resilient. (AC +3)))
You are immune to poison.
You resist negative energy. (rN+)
((You are resistant to electric shocks. (rElec)))
You are resistant to unholy torment.
You are immune to petrification.


Message History

Your roots penetrate the ground.
Something hits you but does no damage.
You cannot move. (Use ctrl+direction or * direction to attack while stationary and confused.)
You swing at nothing.
Something hits you but does no damage.
You cannot move. (Use ctrl+direction or * direction to attack while stationary and confused.) Unknown command.
Unknown command.
You cannot move. (Use ctrl+direction or * direction to attack while stationary and confused.)
You cannot move. (Use ctrl+direction or * direction to attack while stationary and confused.)
You cannot move. (Use ctrl+direction or * direction to attack while stationary and confused.)
You cannot move. (Use ctrl+direction or * direction to attack while stationary and confused.)
You cannot move. (Use ctrl+direction or * direction to attack while stationary and confused.)
You cannot move. (Use ctrl+direction or * direction to attack while stationary and confused.)
You cannot move. (Use ctrl+direction or * direction to attack while stationary and confused.)
You cannot move. (Use ctrl+direction or * direction to attack while stationary and confused.)
You are too injured to fight recklessly!
You attack the rock wall.
You hear some strange, mumbled words.
A magic dart appears from out of thin air!
The magic dart hits you.
* * * LOW HITPOINT WARNING * * *
You feel very mighty all of a sudden. Something hits you.
* * * LOW HITPOINT WARNING * * *
You nearly hit yourself!
You barely miss something.
You hear some strange, mumbled words.
A puff of flame appears from out of thin air!
The puff of flame hits you.
* * * LOW HITPOINT WARNING * * *
You attack the rock wall.
Something hits you.
* * * LOW HITPOINT WARNING * * *
You attack the rock wall.
You feel less confused.
You hear some strange, mumbled words.
You are confused.
Something hits you but does no damage.
You attack the rock wall.
You attack the rock wall.
Something hits you but does no damage.
You miss something. Something hits you!
You die...

.##. ..#. ....
#..####
###.....#
........#
........########
............>{.#
....##########♣#
... #.# @ #.#
#.## #..# ##.#
#.# ###.# ##...#


There were no monsters in sight!

Vanquished Creatures
  2 adders (D:2)
  A dart slug (D:2)
  2 ball pythons (D:2)
  4 bats
  5 endoplasms
  2 giant cockroaches (D:1)
  9 goblins
  2 hobgoblins (D:2)
  7 jackals (D:1)
  5 kobolds
  2 rats
41 creatures vanquished.

Notes
Turn   | Place    | Note
-------+----------+-------------------------------------------
     0 | D:1      | CatalinOSBI the Gargoyle Fighter began the quest for the
                  | Orb.
     0 | D:1      | Reached XP level 1. HP: 14/14 MP: 1/1
    55 | D:1      | Found a faded altar of an unknown god.
   166 | D:1      | Found Ofaych's Weapon Shoppe.
   182 | D:1      | Reached XP level 2. HP: 18/19 MP: 2/2
   677 | D:1      | Reached XP level 3. HP: 20/24 MP: 3/3
  1380 | D:2      | Reached XP level 4. HP: 29/29 MP: 4/4
  1625 | D:2      | Noticed Sigmund
  1655 | D:2      | HP: 1/43 [something (5)]
  1659 | D:2      | Mangled by Sigmund

Illustrated notes

Levels and vault maps discovered:
D:1:      lightli_arrival_statue_moat, layout_basic,
          shapermc_ecumenical_altar_totnotflames, serial_shops, shop
D:2:      layout_rooms, uniq_sigmund

Skill      XL: |  1  2  3 |
---------------+----------+-----
Armour         | 4 |  4.0
Fighting       | 4 |  4.0
Maces & Flails | |  2.9
Shields        | |  3.5

Action                   |  1- 3 |  4- 6 || total
-------------------------+-------+-------++-------
Melee: Flail             |   119 |    34 ||   153
  Use: Scroll            |     5 |       ||     5
       Potion            |       |     2 ||     2
Armor: Scale mail        |    80 |    15 ||    95
       Skin              |       |     4 ||     4
Dodge: Dodged            |    64 |     9 ||    73
Block: Buckler           |    23 |     7 ||    30
